 Dungeon Crawl Stone Soup version 0.24-a0-250-g6074511 (webtiles) character file.

Game seed: 8166168230748073171

183 vorskei the Chiller (level 5, -1/38 HPs)
             Began as a Barachi Ice Elementalist on Apr 15, 2019.
             Killed by divine providence
             ... invoked by an orc priest
              (11 damage)
             ... on level 3 of the Dungeon.
             The game lasted 00:11:30 (3783 turns).

vorskei the Chiller (Barachi Ice Elementalist)      Turns: 3783, Time: 00:11:31

Health: -1/38      AC:  2    Str:  9    XL:     5   Next: 62%
Magic:  6/9        EV: 12    Int: 16    God:
Gold:   98         SH:  0    Dex: 13    Spells: 1/10 levels left

rFire    . . .     SeeInvis .   h - +3 dagger (freeze)
rCold    . . .     Gourm    .   (no shield)
rNeg     . . .     Faith    .   a - +0 robe
rPois    .         Spirit   .   (no helmet)
rElec    .         Reflect  .   (no cloak)
rCorr    .         Harm     .   (no gloves)
MR       .....                  (no boots)
Stlth    ++........             (no amulet)
HPRegen  0.12/turn              (no ring)
MPRegen  0.11/turn              (no ring)

@: slow
A: +LOS, swims, slowness 1, strong legs 1
a: Hop


You were on level 3 of the Dungeon.
You were not hungry.

You visited 1 branch of the dungeon, and saw 3 of its levels.

You collected 98 gold pieces.

Inventory:

Hand Weapons
 g - a +0 club
 h - a +3 dagger of freezing (weapon)
Missiles
 f - 172 stones (quivered)
 j - 7 sling bullets
 m - 2 throwing nets
Armour
 a - a +0 robe (worn)
 o - a +0 leather armour
Jewellery
 p - an uncursed amulet of regeneration {unknown}
Scrolls
 d - a scroll of immolation {unknown}
 i - 4 scrolls of remove curse {unknown}
 l - a scroll of fog {unknown}
 n - 5 scrolls of identify {unknown}
 q - a scroll of enchant weapon {unknown}
Potions
 b - a potion of might {unknown}
 e - 2 potions of agility {unknown}
 k - a potion of mutation {unknown}
 s - a potion of invisibility {unknown}
Comestibles
 c - 5 rations
 r - 5 chunks of flesh


   Skills:
 + Level 2.2 Fighting
 + Level 2.3 Armour
 - Level 2.3 Dodging
 - Level 1.9 Stealth
 + Level 3.2 Spellcasting
 - Level 1.1 Conjurations
 + Level 0.8 Summonings
 * Level 5.3 Ice Magic


You had one spell level left.
You knew the following spells:

 Your Spells              Type           Power        Failure   Level  Hunger
a - Summon Ice Beast      Ice/Summ       ##......     45%         4    ####...
b - Throw Icicle          Conj/Ice       ##......     43%         4    ####...
q - Freeze                Ice            ###.         1%          1    None

Your spell library contained the following spells:

 Spells                   Type           Power        Failure   Level  Hunger
 Throw Frost              Conj/Ice       ##....       8%          2    ##.....
 Ozocubu's Armour         Chrm/Ice       ##......     19%         3    ###....


Dungeon Overview and Level Annotations

Branches:
Dungeon (3/15)

Altars:
Wu Jian

Annotations:
D:2 exclusion: ogre, Sigmund
D:3 Purgy


Innate Abilities, Weirdness & Mutations

Shadows flee at your approach. (+LOS)
You can swim through water.
You cover ground slowly.
You can hop short distances.


Message History

Casting: Freeze (safe; 2% risk of failure)
Confirm with . or Enter, or press ? or * to list all spells.
Aiming: Freeze (safe; 2% risk of failure)
Press: ? - help, Shift-Dir - straight line, f/p - orc priest
Aim: an orc priest, wielding a +0 trident (heavily wounded)
You freeze the orc priest!
You kill the orc priest!
The bat hits you.
Casting: Freeze (safe; 1% risk of failure)
Confirm with . or Enter, or press ? or * to list all spells.
Aiming: Freeze (safe; 1% risk of failure)
Press: ? - help, Shift-Dir - straight line, f - bat
Aim: a bat You freeze the bat!
You kill the bat!
The orc hits you.
* * * LOW HITPOINT WARNING * * *
The orc priest invokes the aid of Beogh against you.
Beogh smites you!
You die...

#.######.........# ##...
#T #.........# ##.... #.
#.........# ##..... #.
##........# ##...... #.
#........# ##....... #.
#........# #........ #.
#........# #.......< #.
###...#### ##.......
#..@##########......
#..†.oo.............
...........#.....#####....
.........### ....######...
........o. ............
.######### ..########. ##
## ####### #......


You could see an orc priest and 2 orcs.

Vanquished Creatures
  An orc priest (D:3)
  A gnoll (D:2)
  5 adders
  3 oozes
  2 worms (D:2)
  4 dart slugs
  4 leopard geckos
  2 giant cockroaches
  7 goblins
  8 hobgoblins
  7 jackals
  8 kobolds
  A quokka (D:3)
  A ball python (D:2)
  9 bats
  A frilled lizard (D:3)
  7 rats
71 creatures vanquished.

Notes
Turn   | Place    | Note
-------+----------+-------------------------------------------
     0 | D:1      | vorskei the Barachi Ice Elementalist began the quest for
                  | the Orb.
     0 | D:1      | Reached XP level 1. HP: 13/13 MP: 3/3
   516 | D:1      | Reached XP level 2. HP: 19/19 MP: 3/5
   580 | D:1      | Reached skill level 4 in Ice Magic
  1022 | D:1      | Reached XP level 3. HP: 22/25 MP: 6/6
  1130 | D:1      | Reached skill level 1 in Fighting
  1130 | D:1      | Reached skill level 1 in Armour
  1587 | D:2      | Reached XP level 4. HP: 24/32 MP: 3/8
  1785 | D:2      | Found an ornate altar of the Wu Jian Council.
  2467 | D:2      | Noticed an ogre
  2513 | D:2      | Reached skill level 5 in Ice Magic
  2519 | D:2      | Reached XP level 5. HP: 22/38 MP: 9/9
  2528 | D:2      | Learned a level 4 spell: Summon Ice Beast
  2820 | D:2      | Noticed Sigmund
  3521 | D:3      | Learned a level 4 spell: Throw Icicle
  3761 | D:3      | Noticed Purgy
  3783 | D:3      | Killed from afar by an orc priest

Levels and vault maps discovered:
D:1:      lightli_iron_boxes, layout_basic, nrook_mini_backslash
D:2:      minmay_evil_eye, layout_rooms, lemuel_crystal_altar, zin_angel,
          uniq_sigmund
D:3:      layout_basic, chequers_serial_rivers_room_b, uniq_purgy

Skill      XL: |  1  2  3  4  5 |
---------------+----------------+-----
Ice Magic      | 4 5 |  5.3
Fighting       | 1 2 |  2.2
Armour         | 1 2 |  2.3
Spellcasting   | 3 |  3.2
Dodging        | |  2.3
Stealth        | |  1.9
Conjurations   | |  1.1
Summonings     | |  0.8

Action                   |  1- 3 |  4- 6 || total
-------------------------+-------+-------++-------
Melee: Dagger            |    41 |    67 ||   108
       Unarmed           |     1 |       ||     1
 Cast: Freeze            |    21 |    37 ||    58
 Abil: Hop               |     1 |     2 ||     3
 Stab: Sleeping          |     3 |     3 ||     6
  Eat: Chunk             |     3 |     7 ||    10
Armor: Robe              |     5 |    15 ||    20
Dodge: Dodged            |    31 |    47 ||    78

Table legend:
 A = Non-vault XP
 B = Vault XP
 C = Vault XP percentage of total XP
 D = Non-vault monster count
 E = Vault monster count
 F = Vault count percentage of total count
                 A         B        C        D         E       F
            +---------+---------+-------+---------+---------+-------
      Total |     243 |      19 |   7.3 |      67 |       4 |   5.6
            +---------+---------+-------+---------+---------+-------
        D:1 |      59 |       0 |   0.0 |      26 |       0 |   0.0
        D:2 |     100 |      19 |  16.0 |      24 |       4 |  14.3
        D:3 |      84 |       0 |   0.0 |      17 |       0 |   0.0
            +---------+---------+-------+---------+---------+-------
